 Dungeon Crawl Stone Soup version 0.29-a0-40-g8eb35efe60 (webtiles) character file.

Game seed: 16341598480862089686

14718 HallandMoats the Grappler (level 12, 0/110 HPs)
             Began as a Ghoul Monk on Feb 1, 2022.
             Was a High Priest of Okawaru.
             Slain by an enormous slime creature (62 damage)
             ... on level 12 of the Dungeon.
             The game lasted 00:21:06 (18845 turns).

HallandMoats the Grappler (Ghoul Monk)             Turns: 18845, Time: 00:21:06

Health: 0/110      AC: 14    Str: 20    XL:     12   Next: 19%
Magic:  35/35      EV: 13    Int:  9    God:    Okawaru [*****.]
Gold:   599        SH:  0    Dex: 11    Spells: 11/11 levels left

rFire   . . .      SeeInvis .     - Unarmed
rCold   + + .      Faith    +   (no shield)
rNeg    + + +      Spirit   .   A - +0 acid dragon scales
rPois   ∞          Reflect  .   I - +0 helmet
rElec   .          Harm     .   K - +1 cloak of Icocsesa {MP+9 Int+4}
rCorr   +          Rampage  +   (no gloves)
Will    .....                   p - +2 pair of boots {rampage}
Stlth   ++........              w - amulet of faith
HPRegen 0.00/turn               d - ring of protection from cold
MPRegen 0.24/turn               G - ring of magical power

@: inhibited regen
A: claws 1, cold resistance 1, negative energy resistance 3, inhibited
regeneration, torment resistance 2
a: Renounce Religion, Heroism, Finesse, Duel


You were on level 12 of the Dungeon.
You worshipped Okawaru.
Okawaru was extremely pleased with you.
You visited 2 branches of the dungeon, and saw 13 of its levels.

You collected 599 gold pieces.

Inventory:

Hand Weapons
 b - a +2 vampiric hand axe
Missiles
 s - a throwing net (quivered)
Armour
 o - a +0 buckler
 p - a +2 pair of boots of rampaging (worn)
 A - +0 acid dragon scales (worn)
 I - a +0 helmet (worn)
 K - the +1 cloak of Icocsesa (worn) {MP+9 Int+4}
   (You found it on level 11 of the Dungeon)

   Int:       It affects your intelligence (+4).
   MP:        It affects your magic capacity (+9).
 L - a scarf of resistance
Jewellery
 d - a ring of protection from cold (left claw)
 i - a ring of ice
 w - an amulet of faith (around neck)
 D - an amulet of guardian spirit
 G - a ring of magical power (right claw)
Wands
 l - a wand of flame (41)
 r - a wand of polymorph (11)
 t - a wand of acid (2)
Scrolls
 f - a scroll of brand weapon
 q - 5 scrolls of teleportation
 u - a scroll of amnesia
 x - a scroll of magic mapping
 y - 2 scrolls of identify
 B - a scroll of silence {unknown}
 C - a scroll of fear
 E - a scroll of fog
 F - a scroll of enchant armour
Potions
 a - 4 potions of mutation
 c - a potion of degeneration {unknown}
 e - 2 potions of flight {unknown}
 g - a potion of resistance {unknown}
 h - a potion of magic {unknown}
 j - a potion of berserk rage {unknown}
 k - 2 potions of brilliance
 m - a potion of ambrosia {unknown}
 n - 7 potions of curing
 v - a potion of heal wounds
 z - 4 potions of lignification
 H - a potion of might {unknown}
 J - 2 potions of haste {unknown}
 M - a potion of invisibility {unknown}


   Skills:
 * Level 11.3 Fighting
 + Level 6.2 Armour
 + Level 6.9 Dodging
 + Level 4.3 Stealth
 + Level 4.0 Shields
 * Level 11.4 Unarmed Combat
 * Level 8.3 Invocations


You had 11 spell levels left.
You didn't know any spells.
Your spell library contained the following spells:

 Spells                   Type           Power      Damage    Failure   Level
 Foxfire                  Conj/Fire      0%         2x1d4     45%         1
 Shock                    Conj/Air       0%         1d3       45%         1
 Blink                    Tloc           0%         N/A       61%         2
 Corpse Rot               Necr/Air       0%         N/A       61%         2
 Ensorcelled Hibernation  Hex/Ice        0%         N/A       61%         2
 Passwall                 Tmut/Erth      0%         N/A       61%         2
 Poisonous Vapours        Pois/Air       0%         N/A       61%         2
 Conjure Flame            Conj/Fire      0%         6-21      83%         3
 Gell's Gravitas          Tloc           0%         N/A       83%         3
 Ignite Poison            Fire/Tmut/Pois 0%         N/A       83%         3
 Inner Flame              Hex/Fire       0%         N/A       83%         3
 Lesser Beckoning         Tloc           0%         N/A       83%         3
 Swiftness                Air            0%         N/A       83%         3
 Teleport Other           Tloc           0%         N/A       83%         3
 Flame Wave               Conj/Fire      0%         2d4       99%         4
 Fulminant Prism          Conj/Hex       0%         3d6       99%         4
 Sticky Flame             Conj/Fire      0%         2d3       99%         4
 Manifold Assault         Tloc           0%         N/A       100%        5
 Dispersal                Tloc           0%         N/A       100%        6
 Lehudib's Crystal Spear  Conj/Erth      0%         10d2      100%        8


Dungeon Overview and Level Annotations

Branches:
Dungeon (12/15)            Temple (1/1) D:7            Lair (0/6) D:9
    Orc (0/2) D:9

Altars:
Ashenzari
Cheibriados
Dithmenos
Elyvilon
Fedhas
Gozag
Hepliaklqana
Kikubaaqudgha
Makhleb
Nemelex Xobeh
Okawaru
Qazlal
Ru
Sif Muna
Trog
Uskayaw
Vehumet
Wu Jian
Xom
Yredelemnul
Zin
The Shining One
Beogh

Shops:
D:7 [


Innate Abilities, Weirdness & Mutations

You thrive by killing the living.
You are immune to poison.
You have sharp fingernails.
Your flesh is cold resistant. (rC+)
You are immune to negative energy. (rN+++)
You do not regenerate when monsters are visible.
You are immune to unholy pain and torment.


Message History

Found 13 stones and 12 gold pieces.
A slime creature comes into view.
The slime creature quivers. 3 slime creatures come into view.
The slime creature quivers. x2
Two slime creatures merge to form a large slime creature. x2
You rampage towards the large slime creature!
The cyclops shouts!
You mangle the large slime creature!!
The large slime creature is lightly wounded.
A large slime creature splits.
Two slime creatures merge to form a large slime creature.
You scratch the slime creature. You claw the slime creature!
The slime creature is moderately wounded.
The slime creature barely misses you.
The large slime creature barely misses you.
You completely miss the slime creature.
The slime creature is moderately wounded.
The slime creature hits you but does no damage.
The slime creature hits you. The large slime creature hits you.
Two slime creatures merge to form an enormous slime creature.
You claw the slime creature!
The slime creature is severely wounded.
The slime creature barely misses you.
You scratch the slime creature.
The slime creature is severely wounded.
The slime creature hits you but does no damage. x2
You mangle the slime creature!!
You kill the slime creature!
Okawaru accepts your kill.
You feel better. The slime creature closely misses you.
You scratch the slime creature.
The slime creature is lightly wounded.
The enormous slime creature hits you!!
You scratch the slime creature.
The slime creature is moderately wounded.
The slime creature closely misses you. The cyclops hits you!!
The enormous slime creature hits you!!!
Ouch! That really hurt!
You die...

..# #.# .## #†# . ##
##.# . ### #..# #.
..# ##.## #.## ..#
#..# ...# ..# #.## #.
#..#..# ##.# #. #.CJ#
##..# #.# #@J# #<.##
#.. ##..# #.##
#.###...# #.#
#.....($# ..#
##..##..#
.###########......#
..(.......(....##....
###########..### ####
# #..#


You could see an enormous slime creature, a slime creature and a cyclops.

Vanquished Creatures
  2 boulder beetles
  A hydra (D:11)
  The ghost of a3don the Basher, a journeyman DsGl of Okawaru (D:11)
  2 two-headed ogres
  A manticore (D:12)
  2 centaur zombies (D:11)
  Psyche (D:9)
  An unseen horror (D:12)
  5 trolls
  A hornet (D:10)
  3 slime creatures (D:12)
  3 shadows
  A wyvern (D:7)
  Eustachio (D:5)
  A wraith (D:10)
  The ghost of HuGe the Chopper, an amateur MiBe of Trog (D:5)
  A steam dragon (D:7)
  4 wargs
  4 acid dragons
  A water moccasin (D:9)
  A two-headed ogre zombie (D:9)
  An ice beast (D:6)
  A black bear (D:2)
  8 orc warriors
  A sky beast (D:8)
  An ogre (D:5)
  4 necrophages
  2 centaurs
  2 phantoms
  2 kobold brigands (D:8)
  A bullfrog (D:9)
  Blork the orc (D:4)
  A gnoll sergeant (D:11)
  3 scorpions
  A wyvern skeleton (D:7)
  A water moccasin zombie (D:5)
  2 troll zombies (D:9)
  A water moccasin skeleton (D:5)
  18 killer bees
  8 wights
  3 howler monkeys
  4 bullfrog zombies
  A hound (D:4)
  2 bullfrog skeletons (D:5)
  6 orc priests
  A centaur skeleton (D:5)
  2 jellies
  Ijyb (D:3)
  Natasha (thrice) (D:3)
  4 iguanas
  6 orc wizards
  5 ogre zombies (D:9)
  A hound skeleton (D:4)
  A howler monkey skeleton (D:7)
  14 gnolls
  3 howler monkey zombies
  6 adders
  A white imp (D:4)
  An ufetubus (D:5)
  An adder zombie (D:5)
  2 adder skeletons
  3 worms
  4 dart slugs
  34 orcs
  4 ball pythons
  6 bats
  7 endoplasms
  5 giant cockroaches
  8 goblins
  9 hobgoblins
  6 jackals (D:4)
  19 kobolds
  5 quokkas
  7 frilled lizards
  A goblin skeleton (D:9)
  3 goblin zombies (D:9)
  8 hobgoblin zombies (D:9)
  2 orc skeletons (D:9)
  11 orc zombies (D:9)
  3 rats
310 creatures vanquished.

Vanquished Creatures (others)
  7 fungi (D:7)
  2 plants (D:9)
  4 toadstools (D:7)
13 creatures vanquished.

Grand Total: 323 creatures vanquished

Notes
Turn   | Place    | Note
-------+----------+-------------------------------------------
     0 | D:1      | HallandMoats the Ghoul Monk began the quest for the Orb.
     0 | D:1      | Reached XP level 1. HP: 19/19 MP: 0/0
   212 | D:1      | Reached XP level 2. HP: 26/26 MP: 1/1
   465 | D:1      | Reached XP level 3. HP: 23/33 MP: 2/2
   956 | D:1      | Found a faded altar of an unknown god.
  1059 | D:2      | Reached skill level 1 in Invocations
  1239 | D:2      | Reached XP level 4. HP: 33/40 MP: 3/3
  2188 | D:3      | Noticed Ijyb
  2197 | D:3      | Killed Ijyb
  2198 | D:3      | Reached skill level 1 in Armour
  2468 | D:3      | Noticed Natasha
  2484 | D:3      | Killed Natasha
  2485 | D:3      | Reached XP level 5. HP: 25/47 MP: 5/5
  2993 | D:3      | Noticed Natasha
  3017 | D:3      | Killed Natasha
  3173 | D:3      | Noticed Natasha
  3174 | D:3      | Noticed a black bear
  3196 | D:3      | Killed Natasha
  3197 | D:3      | Reached XP level 6. HP: 39/55 MP: 6/6
  3256 | D:2      | Killed a black bear
  3257 | D:2      | Reached skill level 5 in Fighting
  3257 | D:2      | Reached skill level 5 in Unarmed Combat
  4429 | D:4      | Noticed a necrophage
  4437 | D:4      | Killed a necrophage
  4438 | D:4      | Reached XP level 7. HP: 58/61 MP: 7/7
  4918 | D:4      | Got the Tome of Attacks
  5334 | D:4      | Noticed Blork the orc
  5341 | D:4      | Killed Blork the orc
  5729 | D:5      | Entered Level 5 of the Dungeon
  5733 | D:5      | Noticed Eustachio
  6033 | D:5      | Killed Eustachio
  6034 | D:5      | Reached XP level 8. HP: 53/70 MP: 9/9
  6938 | D:5      | Found a runed translucent door.
  6943 | D:5      | Noticed HuGe's ghost (amateur MiBe)
  7589 | D:5      | Killed HuGe's ghost
  7590 | D:5      | Reached XP level 9. HP: 59/79 MP: 11/11
  8502 | D:6      | Reached skill level 5 in Dodging
  8879 | D:7      | Found Leecsuby's Antique Armour Shoppe.
  9027 | D:7      | Reached skill level 5 in Invocations
  9638 | D:7      | Identified the +2 robe "Gaisira" {*Corrode rF+ Int+2}
 10441 | D:7      | Found a staircase to the Ecumenical Temple.
 10457 | Temple   | Entered the Ecumenical Temple
 10770 | Temple   | Became a worshipper of Warmaster Okawaru
 10770 | Temple   | Reached * piety under Okawaru
 10770 | Temple   | Reached ** piety under Okawaru
 11003 | D:8      | Reached XP level 10. HP: 77/90 MP: 13/13
 11650 | D:8      | Reached skill level 1 in Shields
 11730 | D:8      | Found a stormy altar of Qazlal.
 11983 | D:9      | Found a staircase to the Orcish Mines.
 12050 | D:9      | Reached *** piety under Okawaru
 12829 | D:9      | Found a shimmering blue altar of Sif Muna.
 12852 | D:9      | Noticed a two-headed ogre
 12862 | D:9      | Killed a two-headed ogre
 12863 | D:9      | Reached skill level 5 in Armour
 13193 | D:9      | Noticed Psyche
 13216 | D:9      | Killed Psyche
 13543 | D:9      | Found a staircase to the Lair.
 13546 | D:9      | Reached **** piety under Okawaru
 13719 | D:9      | Reached skill level 10 in Unarmed Combat
 13863 | D:9      | Reached skill level 10 in Fighting
 13864 | D:9      | Reached XP level 11. HP: 99/99 MP: 14/14
 13997 | D:10     | Entered Level 10 of the Dungeon
 14031 | D:10     | Reached ***** piety under Okawaru
 14801 | D:11     | Noticed a boulder beetle
 15861 | D:10     | Killed a boulder beetle
 16436 | D:11     | Noticed a six-headed hydra
 16464 | D:11     | Killed a six-headed hydra
 16707 | D:11     | Found a runed translucent gate.
 16708 | D:11     | Found a runed translucent gate.
 16709 | D:11     | Found a runed translucent gate.
 16710 | D:11     | Noticed a3don's ghost (journeyman DsGl)
 16715 | D:11     | Identified the +5 plate armour of Jug Ismiarch {Rampage
                  | Will+ Regen+ rCorr}
 17181 | D:11     | Killed a3don's ghost
 17351 | D:11     | Received a gift from Okawaru
 17360 | D:11     | Identified the +1 cloak of Icocsesa {MP+9 Int+4}
 17638 | D:12     | Noticed a two-headed ogre
 17656 | D:12     | Noticed a boulder beetle
 17657 | D:12     | Killed a two-headed ogre
 17680 | D:12     | Killed a boulder beetle
 17681 | D:12     | Reached XP level 12. HP: 79/110 MP: 17/17
 18845 | D:12     | Slain by an enormous slime creature

Illustrated notes

Levels and vault maps discovered:
D:1:      saegor_arrival_miasma, layout_basic,
          ebering_ecumenical_altar_abandoned
D:2:      layout_basic
D:3:      minmay_octagon_keep, layout_basic, uniq_ijyb, uniq_natasha
D:4:      layout_layer_cave, nicolae_ossuary_entry_false_entrances,
          uniq_blork_the_orc
D:5:      layout_basic, serial_undead, serial_undead_b, serial_undead_b,
          serial_undead_a, serial_undead_b, serial_undead_d, serial_undead_f,
          ebering_ghost_sewer_d, uniq_eustachio
D:6:      layout_loops_cross
D:7:      layout_rooms, temple_doors_e, serial_shops, nicolae_stop_n_shop_1,
          minmay_gold_behind_fungi, minmay_tree_intersection,
          grunt_decor_clamped, minivault_5, minivault_1, nrook_mini_backslash,
          kennysheep_decorative_pillar
D:8:      layout_cave_pools, nicolae_qazlal_general_emergency
D:9:      layout_grid_maze, mainiacjoe_overflow_24_doors,
          erik_lair_orcish_takeover, zombieorc2_lemuel, uniq_psyche
D:10:     layout_layer_cave
D:11:     layout_rooms, biasface_ghost_orc_armoury, hex_tiny, patterned_corridor
D:12:     layout_rooms, library_closet
Temple:   mainiacjoe_temple_cubbyholes

Skill      XL: |  1  2  3  4  5  6  7  8  9 10 11 12 |
---------------+-------------------------------------+-----
Dodging        | 3 4 5 6 |  6.9
Invocations    | 1 2 3 4 5 6 8 |  8.3
Fighting       | 4 5 6 7 8 10 11 | 11.3
Unarmed Combat | 4 5 6 7 8 10 11 | 11.4
Armour         | 1 2 3 4 5 6 |  6.2
Shields        | 2 3 4 |  4.0
Stealth        | 4 |  4.3

Action                   |  1- 3 |  4- 6 |  7- 9 | 10-12 || total
-------------------------+-------+-------+-------+-------++-------
Melee: Unarmed           |    82 |   181 |   474 |   641 ||  1378
       Punch             |     2 |     5 |    21 |    50 ||    78
Invok: Heroism           |       |       |       |     7 ||     7
       Finesse           |       |       |       |     2 ||     2
Evoke: Wand              |       |       |     1 |       ||     1
  Use: Scroll            |       |     3 |     4 |     8 ||    15
       Potion            |       |       |       |     6 ||     6
 Stab: Sleeping          |     3 |     1 |     1 |     2 ||     7
       Distracted        |       |       |     1 |       ||     1
Armor: Robe              |     8 |    10 |       |       ||    18
       Scale mail        |       |    33 |   142 |       ||   175
       Acid dragon scale |       |       |    86 |   269 ||   355
Dodge: Dodged            |    35 |   104 |   289 |   415 ||   843

Table legend: (Time is in decaauts)
 A = Elapsed time spent in this place.
 B = Non-inter-level travel time spent in this place.
 C = Inter-level travel time spent in this place.
 D = Time resting spent in this place.
 E = Time spent auto-exploring this place.
 F = Levels seen in this place.
 G = Mean time per level.
                   A        B        C        D        E       F      G
               +--------+--------+--------+--------+--------+-----+--------+
         Total |  18603 |  18112 |    491 |   4615 |  10791 |  13 | 1431.0 |
       Dungeon |  18187 |  17762 |    425 |   4615 |  10450 |  12 | 1515.6 |
        Temple |    415 |    349 |     66 |      0 |    341 |   1 |  415.0 |
               +--------+--------+--------+--------+--------+-----+--------+

Top non-repeatable levels by time:
     D:9: 2393 daAuts
    D:10: 1977 daAuts
     D:3: 1926 daAuts
     D:5: 1886 daAuts
     D:4: 1664 daAuts
    D:11: 1601 daAuts
     D:6: 1552 daAuts
     D:7: 1512 daAuts
     D:2: 1328 daAuts
     D:1: 1020 daAuts
    D:12: 875 daAuts
     D:8: 449 daAuts
  Temple: 415 daAuts
